SAAA
SUNSET DISTRICT FOG @ VERMONT LAKE MONSTERS
07/17/2028
 
TOP OF THE 1ST
Sunset District Fog batting - Pitching for Vermont Lake Monsters : RHP Roberto Cantú
Pitching: RHP Roberto Cantú
Batting: RHB Reginald Kalkman 0-0: Foul Ball, location: 2F
0-1: Ball
1-1: Foul Ball, location: 2F
1-2: Strikes out swinging
Batting: RHB Yehonatan Chazan 0-0: Called Strike
0-1: Ball
1-1: Swinging Strike
1-2: Ball
2-2: Ball
3-2: Foul Ball, location: 2F
3-2: Base on Balls
Batting: RHB Alfonso Nazario 0-0: Ball
1-0: Fly out, F4 (Line Drive, 4M)
Batting: RHB Mike Wazowski 0-0: Ball
1-0: Called Strike
1-1: Called Strike
1-2: Foul Ball, location: 2F
1-2: SINGLE (Flyball, 89S)
Yehonatan Chazan to second
Runner from 2nd tries for 3rd, OUT!
Top of the 1st over - 0 run(s), 1 hit(s), 0 error(s), 1 left on base; Sunset District 0 - Vermont 0
BOTTOM OF THE 1ST
Vermont Lake Monsters batting - Pitching for Sunset District Fog : LHP Roberto Silva
Pitching: LHP Roberto Silva
Batting: RHB Rodrigo Velasco 0-0: Foul Ball, location: 2F
0-1: Ball
1-1: Ball
2-1: Foul Ball, location: 2F
2-2: SINGLE (Flyball, 78S)
Batting: RHB Gene Lucero 0-0: Single, Error in OF, E7, batter to second base
Rodrigo Velasco to third
Batting: RHB Zelmar Barajas 0-0: Ball
1-0: Ball
2-0: Fly out, F9 (Flyball, 9S)
Batting: RHB Augusto Encarnación 0-0: Foul Ball, location: 2F
0-1: DOUBLE (Flyball, 89XD)
Rodrigo Velasco scores
Gene Lucero scores
Batting: LHB Arturo Gonzáles 0-0: Ball
1-0: Ball
2-0: Foul Ball, location: 2F
2-1: Ground out 5-3 (Groundball, 56)
Batting: RHB Rafael Pueblo 0-0: DOUBLE (Line Drive, 78M)
Augusto Encarnación scores
Batting: SHB Enrico Mejía 0-0: Ball
1-0: Foul Ball, location: 2F
1-1: Ground out 5-3 (Groundball, 56)
Bottom of the 1st over - 3 run(s), 4 hit(s), 1 error(s), 1 left on base; Sunset District 0 - Vermont 3
TOP OF THE 2ND
Sunset District Fog batting - Pitching for Vermont Lake Monsters : RHP Roberto Cantú
Batting: LHB Enrique Vásquez 0-0: Ball
1-0: Ball
2-0: Foul Ball, location: 2F
2-1: Ball
3-1: Ground out 6-3 (Groundball, 6)
Batting: RHB José Vargas 0-0: Called Strike
0-1: Called Strike
0-2: Ball
1-2: Ball
2-2: Strikes out swinging
Batting: RHB Armando Rodríguez 0-0: Swinging Strike
0-1: Ball
1-1: Called Strike
1-2: Foul Ball, location: 2F
1-2: Ball
2-2: Strikes out swinging
Top of the 2nd over - 0 run(s), 0 hit(s), 0 error(s), 0 left on base; Sunset District 0 - Vermont 3
BOTTOM OF THE 2ND
Vermont Lake Monsters batting - Pitching for Sunset District Fog : LHP Roberto Silva
Batting: LHB Brad Tillman 0-0: Called Strike
0-1: Ground out 6-3 (Groundball, 6)
Batting: RHB José Alcalá 0-0: Ball
1-0: Ground out 4-3 (Groundball, 4)
Batting: RHB Rodrigo Velasco 0-0: Ball
1-0: Foul Ball, location: 2F
1-1: Ball
2-1: Ball
3-1: Ground out 6-3 (Groundball, 6)
Bottom of the 2nd over - 0 run(s), 0 hit(s), 0 error(s), 0 left on base; Sunset District 0 - Vermont 3
TOP OF THE 3RD
Sunset District Fog batting - Pitching for Vermont Lake Monsters : RHP Roberto Cantú
Batting: SHB Domingo Luna 0-0: Swinging Strike
0-1: Ball
1-1: Ground out 6-3 (Groundball, 6)
Batting: RHB Vicente Rodríguez 0-0: SINGLE (Groundball, 6MD)
Batting: RHB Reginald Kalkman 0-0: Ball
1-0: Called Strike
1-1: Foul Ball, location: 2F
1-2: Ball
2-2: Foul Ball, location: 2F
2-2: Ball
3-2: Fly out, F9 (Flyball, 9)
Batting: RHB Yehonatan Chazan 0-0: Ball
1-0: Foul Ball, location: 2F
1-1: Fly out, F8 (Flyball, 8LS)
Top of the 3rd over - 0 run(s), 1 hit(s), 0 error(s), 1 left on base; Sunset District 0 - Vermont 3
BOTTOM OF THE 3RD
Vermont Lake Monsters batting - Pitching for Sunset District Fog : LHP Roberto Silva
Batting: RHB Gene Lucero 0-0: Ball
1-0: Ball
2-0: Ball
3-0: Called Strike
3-1: Foul Ball, location: 2F
3-2: Foul Ball, location: 2F
3-2: Fly out, F2 (Popup, 2L)
Batting: RHB Zelmar Barajas 0-0: Called Strike
0-1: Ball
1-1: Ground out 6-3 (Groundball, 6)
Batting: RHB Augusto Encarnación 0-0: Foul Ball, location: 2F
0-1: Ground out 5-3 (Groundball, 5L)
Bottom of the 3rd over - 0 run(s), 0 hit(s), 0 error(s), 0 left on base; Sunset District 0 - Vermont 3
TOP OF THE 4TH
Sunset District Fog batting - Pitching for Vermont Lake Monsters : RHP Roberto Cantú
Batting: RHB Alfonso Nazario 0-0: Ball
1-0: Called Strike
1-1: Ground out U3 (Groundball, 3S)
Batting: RHB Mike Wazowski 0-0: Ball
1-0: Called Strike
1-1: Fly out, F7 (Line Drive, 7S)
Batting: LHB Enrique Vásquez 0-0: Ball
1-0: Fly out, F5 (Line Drive, 5S)
Top of the 4th over - 0 run(s), 0 hit(s), 0 error(s), 0 left on base; Sunset District 0 - Vermont 3
BOTTOM OF THE 4TH
Vermont Lake Monsters batting - Pitching for Sunset District Fog : LHP Roberto Silva
Batting: LHB Arturo Gonzáles 0-0: Ball
1-0: Called Strike
1-1: Called Strike
1-2: Ground out U3 (Groundball, 34S)
Batting: RHB Rafael Pueblo 0-0: Ball
1-0: Ball
2-0: Foul Ball, location: 2F
2-1: Called Strike
2-2: Foul Ball, location: 2F
2-2: Ball
3-2: Base on Balls
Batting: SHB Enrico Mejía 0-0: Fielders Choice at 2nd, 5-4 (Groundball, 56)
Batting: LHB Brad Tillman 0-0: Ball
1-0: Ball
2-0: Fielders Choice at 2nd, 6-4 (Groundball, 6)
Bottom of the 4th over - 0 run(s), 0 hit(s), 0 error(s), 0 left on base; Sunset District 0 - Vermont 3
TOP OF THE 5TH
Sunset District Fog batting - Pitching for Vermont Lake Monsters : RHP Roberto Cantú
Batting: RHB José Vargas 0-0: Ball
1-0: Called Strike
1-1: SINGLE (Groundball, 56D)
Batting: RHB Armando Rodríguez 0-0: Ball
1-0: DOUBLE (Flyball, 89XD)
José Vargas to third
Batting: SHB Domingo Luna 0-0: Ball
1-0: Ball
2-0: Foul Ball, location: 2F
2-1: Fly out, F4 (Popup, 34)
Batting: RHB Vicente Rodríguez 0-0: Ball
1-0: Ground out 4-3 (Groundball, 4)
José Vargas scores
Armando Rodríguez to third
Batting: RHB Reginald Kalkman 0-0: Fly out, F8 (Flyball, 8LS)
Top of the 5th over - 1 run(s), 2 hit(s), 0 error(s), 1 left on base; Sunset District 1 - Vermont 3
BOTTOM OF THE 5TH
Vermont Lake Monsters batting - Pitching for Sunset District Fog : LHP Roberto Silva
Batting: RHB José Alcalá 0-0: Called Strike
0-1: Foul Ball, location: 2F
0-2: Foul Ball, location: 2F
0-2: Ball
1-2: Fly out, F7 (Flyball, 7LM)
Batting: RHB Rodrigo Velasco 0-0: Foul Ball, location: 2F
0-1: Fly out, F9 (Flyball, 9LS)
Batting: RHB Gene Lucero 0-0: Ball
1-0: Ball
2-0: Ball
3-0: Called Strike
3-1: Base on Balls
Batting: RHB Zelmar Barajas 0-0: Ball
1-0: Ball
2-0: Ground out U3 (Groundball, 34S)
Bottom of the 5th over - 0 run(s), 0 hit(s), 0 error(s), 1 left on base; Sunset District 1 - Vermont 3
TOP OF THE 6TH
Sunset District Fog batting - Pitching for Vermont Lake Monsters : RHP Roberto Cantú
Batting: RHB Yehonatan Chazan 0-0: SINGLE (Line Drive, 7S)
Batting: RHB Alfonso Nazario 0-0: Ball
1-0: Called Strike
1-1: Ball
2-1: Grounds into double play, 5-4-3 (Groundball, 56)
Batting: RHB Mike Wazowski 0-0: Foul Ball, location: 2F
0-1: Ball
1-1: Ball
2-1: Called Strike
2-2: Foul Ball, location: 2F
2-2: Strikes out swinging
Top of the 6th over - 0 run(s), 1 hit(s), 0 error(s), 0 left on base; Sunset District 1 - Vermont 3
BOTTOM OF THE 6TH
Vermont Lake Monsters batting - Pitching for Sunset District Fog : LHP Roberto Silva
Batting: RHB Augusto Encarnación 0-0: Foul Ball, location: 2F
0-1: Ball
1-1: Foul Ball, location: 2F
1-2: Ball
2-2: Foul Ball, location: 2F
2-2: Ground out 6-3 (Groundball, 6)
Batting: LHB Arturo Gonzáles 0-0: Called Strike
0-1: Ball
1-1: Ground out 6-3 (Groundball, 6)
Batting: RHB Rafael Pueblo 0-0: Ball
1-0: Foul Ball, location: 2F
1-1: Foul Ball, location: 2F
1-2: SINGLE (Groundball, 3D)
Batting: SHB Enrico Mejía 0-0: Called Strike
0-1: Ball
1-1: Ball
2-1: Fielders Choice at 2nd, 6-4 (Groundball, 6D)
Bottom of the 6th over - 0 run(s), 1 hit(s), 0 error(s), 0 left on base; Sunset District 1 - Vermont 3
TOP OF THE 7TH
Sunset District Fog batting - Pitching for Vermont Lake Monsters : RHP Roberto Cantú
Batting: LHB Enrique Vásquez 0-0: Ball
1-0: Swinging Strike
1-1: Ball
2-1: Foul Ball, location: 2F
2-2: Strikes out swinging
Batting: RHB José Vargas 0-0: Ball
1-0: Called Strike
1-1: Foul Ball, location: 2F
1-2: Strikes out swinging
Batting: RHB Armando Rodríguez 0-0: Foul Ball, location: 2F
0-1: SINGLE (Groundball, 6MD)
Batting: SHB Domingo Luna 0-0: Ball
1-0: Called Strike
1-1: Ball
2-1: Swinging Strike
2-2: SINGLE (Groundball, 3D)
Armando Rodríguez to second
Runner from 2nd tries for 3rd, SAFE, no throw
Batting: RHB Vicente Rodríguez 0-0: Ball
1-0: Ball
2-0: Ball
3-0: Base on Balls
Domingo Luna to second
Pinch Hitting: LHB Armando Carmona 0-0: Called Strike
0-1: Ball
1-1: Foul Ball, location: 2F
1-2: Strikes out swinging
Top of the 7th over - 0 run(s), 2 hit(s), 0 error(s), 3 left on base; Sunset District 1 - Vermont 3
BOTTOM OF THE 7TH
Vermont Lake Monsters batting - Pitching for Sunset District Fog : LHP Roberto Silva
Now at 3B: Lenny Roper
Batting: LHB Brad Tillman 0-0: Swinging Strike
0-1: Ball
1-1: Swinging Strike
1-2: Foul Ball, location: 2F
1-2: Ball
2-2: Ground out U3 (Groundball, 34)
Pitching: RHP Rich Wright
Batting: RHB José Alcalá 0-0: Ball
1-0: Called Strike
1-1: Ball
2-1: Ball
3-1: Called Strike
3-2: Foul Ball, location: 2F
3-2: Foul Ball, location: 2F
3-2: Foul Ball, location: 2F
3-2: Base on Balls
Batting: RHB Rodrigo Velasco 0-0: Ball
1-0: Foul Ball, location: 2F
1-1: Foul Ball, location: 2F
1-2: SINGLE (Line Drive, 56D)
José Alcalá to second
Pinch Hitting: LHB Chris Gregory 0-0: Ball
Wild Pitch!
José Alcalá to third
Rodrigo Velasco to second
1-0: Swinging Strike
1-1: Ball
2-1: Ball
3-1: Base on Balls
Pinch Hitting: LHB Luis Freitas 0-0: Called Strike
0-1: Ball
1-1: Grounds into fielders choice 4-2 (Groundball, 4)
Rodrigo Velasco to third
Chris Gregory to second
Batting: RHB Augusto Encarnación 0-0: SINGLE (Flyball, 56D)
Rodrigo Velasco scores
Chris Gregory to third
Luis Freitas to second
Runner from 3rd tries for Home, SAFE, no throw
Batting: LHB Arturo Gonzáles 0-0: Called Strike
0-1: Ball
1-1: Swinging Strike
1-2: Strikes out looking
Bottom of the 7th over - 2 run(s), 2 hit(s), 0 error(s), 2 left on base; Sunset District 1 - Vermont 5
TOP OF THE 8TH
Sunset District Fog batting - Pitching for Vermont Lake Monsters : RHP Roberto Cantú
Pitching: RHP Javier Matajudíos
Now at 3B: Justin Smelter
Now at SS: Ryan Elmore
Batting: RHB Yehonatan Chazan 0-0: Ball
1-0: Fly out, F2 (Popup, 23)
Batting: RHB Alfonso Nazario 0-0: Swinging Strike
0-1: Ground out 1-3 (Groundball, 13S)
Batting: RHB Mike Wazowski 0-0: Ball
1-0: Ball
2-0: SINGLE (Groundball, 6MD)
Batting: LHB Enrique Vásquez 0-0: Ball
1-0: Ball
2-0: Ball
3-0: Foul Ball, location: 2F
3-1: Foul Ball, location: 2F
3-2: Foul Ball, location: 2F
3-2: Strikes out swinging
Top of the 8th over - 0 run(s), 1 hit(s), 0 error(s), 1 left on base; Sunset District 1 - Vermont 5
BOTTOM OF THE 8TH
Vermont Lake Monsters batting - Pitching for Sunset District Fog : RHP Rich Wright
Batting: RHB Rafael Pueblo 0-0: Called Strike
0-1: Ball
1-1: SINGLE (Line Drive, 6)
Batting: SHB Enrico Mejía 0-0: Bunted foul
0-1: Bunted foul
0-2: Strikes out swinging
Batting: LHB Brad Tillman 0-0: Called Strike
0-1: Ball
1-1: Ball
2-1: Ball
3-1: Base on Balls
Rafael Pueblo to second
Batting: RHB José Alcalá 0-0: Called Strike
0-1: Called Strike
Brad Tillman steals 2nd base
Rafael Pueblo to third
0-2: Ball
1-2: Ground out 5-3 (Groundball, 56S)
Rafael Pueblo scores
Brad Tillman to third
Pitching: RHP Carlos Martínez
Batting: RHB Rodrigo Velasco 0-0: Foul Ball, location: 2F
0-1: Ball
1-1: Fly out, F4 (Popup, 4D)
Bottom of the 8th over - 1 run(s), 1 hit(s), 0 error(s), 1 left on base; Sunset District 1 - Vermont 6
TOP OF THE 9TH
Sunset District Fog batting - Pitching for Vermont Lake Monsters : RHP Javier Matajudíos
Batting: RHB José Vargas 0-0: Fly out, F6 (Line Drive, 6)
Batting: RHB Armando Rodríguez 0-0: Ball
1-0: Called Strike
1-1: SINGLE (Flyball, 8RS) - OUT at second base trying to stretch hit.
Batting: SHB Domingo Luna 0-0: Called Strike
0-1: Ball
1-1: Swinging Strike
1-2: Ball
2-2: Ball
3-2: Fly out, F5 (Popup, 5S)
Top of the 9th over - 0 run(s), 1 hit(s), 0 error(s), 0 left on base; Sunset District 1 - Vermont 6
Wednesday, August 16th, 2017 - OOTP Baseball 17.12 Build 75